Cogmind - Beta 10.2 @@@ ROGUE MODE // 2022.03.02 @ 02:43:27 Player: woegarden Result: Self-destructed Performance ------------- Evolutions (1) 500 Regions Visited (2) 400 Robots Destroyed (12) 60 Value Destroyed (305) 305 Prototype IDs (0) 0 Alien Tech Used (0) 0 Bonus (0) 0 TOTAL SCORE: 1265 Bonus ------- None Cogmind --------- Core Integrity 289/400 Matter 190/300 Energy 100/100 System Corruption 0% Temperature Cool (0) Movement Core (150) Ox2 Location -9/Materials Parts ------- > --- POWER (1) -------- (None) > --- PROPULSION (2) --- (None) > --- UTILITY (4) ------ Medium Storage Unit Signal Interpreter Targeting Computer > --- WEAPON (2) ------- (None) > --- INVENTORY (8) ---- Ion Engine Light Treads Light Treads Backup Propulsion I Large Storage Unit Small Laser Peak State ------------ > --- POWER ------------ Ion Engine > --- PROPULSION ------- Backup Propulsion I Backup Propulsion I > --- UTILITY ---------- Medium Storage Unit Large Storage Unit > --- WEAPON ----------- EM Pulse Gun Backup Laser I > --- INVENTORY -------- Ion Engine Light Treads Light Treads Aluminum Leg Small Storage Unit Large Storage Unit Signal Interpreter Targeting Computer Small Laser Grenade Launcher [Rating: 8] Favorites ----------- Power Ion Engine Engine Ion Engine Propulsion Aluminum Leg Leg Aluminum Leg Hover Unit Backup Propulsion I Utility Medium Storage Unit Storage Medium Storage Unit Processor Signal Interpreter Weapon EM Pulse Gun Energy Gun EM Pulse Gun Launcher Grenade Launcher Build | -11 -10 -9 ------- Run | Scr Mat Mat Slots Evolved 2 | . . 2 Power . | . . . Propulsion . | . . . Utility 2 | . . 2 Weapon . | . . . Parts Attached 8 | . 3 5 Power . | . . . Engine . | . . . Core . | . . . Reactor . | . . . Propulsion 1 | . . 1 Treads . | . . . Leg . | . . . Wheel . | . . . Hover 1 | . . 1 Flight . | . . . Utility 6 | . 3 3 Device . | . . . Storage 4 | . 3 1 Processor 2 | . . 2 Hackware . | . . . Protection . | . . . Artifact . | . . . Weapon 1 | . . 1 Energy Gun . | . . . Energy Cannon . | . . . Ballistic Gun . | . . . Ballistic Cannon . | . . . Launcher 1 | . . 1 Special Weapon . | . . . Impact Weapon . | . . . Slashing Weapon . | . . . Piercing Weapon . | . . . Special Melee Weapon . | . . . Unidentified Prototypes . | . . . Parts Lost 8 | . 2 6 Power 1 | . . 1 Propulsion 3 | . 1 2 Utility . | . . . Weapon 4 | . 1 3 Highest Loss Streak 6 | . 2 6 Average Slot Usage (%) 92 | . 98 80 Engine 12 | . 14 10 Leg 15 | . 20 2 Hover 10 | . 6 17 Storage 22 | . 27 13 Processor 4 | . . 16 Energy Gun 25 | . 27 19 Naked Turns . | . . . Heaviest Build 40 | 12 40 40 Greatest Support 20 | 20 20 12 Greatest Overweight (x) 3 | . 3 3 Average Overweight (x) 1 | . 1 1 Largest Inventory Capacity 16 | . 16 16 Average Capacity 10 | . 10 9 Most Carried 10 | . 9 10 Average Carried 7 | . 7 7 Final Capacity 16 | 6 16 8 Final Carried 9 | 6 9 6 Class Distribution -------------------- 100% | Mutant Dominant Class ---------------- Mutant | -10/Materials Mutant | -9/Materials Resources | -11 -10 -9 ----------- Run | Scr Mat Mat Matter Collected 210 | 200 10 . Remotely . | . . . Salvage Created 312 | . 163 149 Parts 17 | . 6 11 Haulers Intercepted 1 | . 1 . Recyclers Shooed . | . . . Parts Field Recycled . | . . . Retrieved Matter . | . . . Parts Self-Destructed . | . . . Prevented . | . . . Kills | -11 -10 -9 ------- Run | Scr Mat Mat Combat Hostiles Destroyed 9 | . 4 5 Guns 4 | . 4 . AOE 5 | . . 5 Classes Destroyed 5 | . 4 1 Worker 1 | . 1 . Builder 1 | . . 1 Hauler 1 | . 1 . Swarmer 3 | . 3 . Grunt 6 | . 1 5 Best Kill Streak 6 | . 4 6 Combat Bots Only 5 | . 3 5 Max Kills in Single Turn 2 | . 2 2 Gunslinging . | . . . Exploded 2 | . . 2 Melee . | . . . Uniques/NPCs Destroyed . | . . . Combat | -11 -10 -9 -------- Run | Scr Mat Mat Damage Taken 742 | . 383 359 Core 217 | . 106 111 Absorbed by Shields . | . . . Core Remaining (%) 78 | 100 57 . Volleys Fired 20 | . 13 7 Largest 2 | . 2 1 Hottest 80 | . 80 30 Shots Fired 33 | . 26 7 Gun 26 | . 26 . Cannon . | . . . Launcher 7 | . . 7 Special . | . . . Kinetic . | . . . Thermal 13 | . 13 . Explosive 7 | . . 7 Electromagnetic 13 | . 13 . Robot Hit Streak 5 | . 4 5 Robot Miss Streak 2 | . 2 1 Penetration Max . | . . . Secondary Targets . | . . . Shots Hit Robots 19 | . 14 5 Core Hits 27 | . 9 18 Critical Hits . | . . . Critical Kills . | . . . Critical Parts Destroyed . | . . . Melee Attacks . | . . . Impact . | . . . Slashing . | . . . Piercing . | . . . Sneak Attacks . | . . . Combat Hostiles . | . . . Follow-up Attacks . | . . . Damage Inflicted 992 | . 314 678 Guns 174 | . 174 . Cannons . | . . . Explosions 818 | . 140 678 Melee . | . . . Ramming . | . . . Kinetic . | . . . Thermal 160 | . 160 . Explosive 745 | . 67 678 Electromagnetic 87 | . 87 . Impact . | . . . Slashing . | . . . Piercing . | . . . Highest Corruption . | . . . Average Corruption . | . . . Corruption Purged . | . . . Overload Shots . | . . . Overflow Damage 60 | . 48 12 Projectiles . | . . . Explosions 60 | . 48 12 Melee . | . . . Knockbacks . | . . . Impact . | . . . Kinetic . | . . . Secondary . | . . . Self-Inflicted Damage 232 | . 229 3 Shots 4 | . 3 1 Rammed . | . . . Targets Rammed . | . . . Kicked . | . . . Crushed . | . . . Highest Temperature 168 | . 168 9 Average Temperature 55 | . 61 5 Received Heat Transfer 201 | . 48 153 Siege Activations . | . . . Robots Corrupted . | . . . Combat Hostiles . | . . . Parts Fried . | . . . Impact Corruptions . | . . . Robots Melted . | . . . Combat Hostiles . | . . . Parts Melted 1 | . 1 . Heat Transferred 400 | . 400 . Parts Sabotaged . | . . . Parts Stolen . | . . . Parts Stripped . | . . . Power Chain Reactions 2 | . 2 . Missiles Intercepted . | . . . Alert | -11 -10 -9 ------- Run | Scr Mat Mat Peak Influence 256 | . 203 256 Initial 85 | . . 85 Average 125 | . 124 127 Maximum Alert Level 1 | . 1 1 Low Security (%) 62 | . 50 90 Level 1 37 | . 49 9 Level 2 . | . . . Level 3 . | . . . Level 4 . | . . . Level 5 . | . . . High Security . | . . . Max Security . | . . . Squads Dispatched 2 | . 1 1 Investigation . | . . . Extermination . | . . . Reinforcement 2 | . 1 1 Assault . | . . . Garrison . | . . . Intercept . | . . . Construction Impeded . | . . . Haulers Reinforced . | . . . Stealth | -11 -10 -9 --------- Run | Scr Mat Mat Distress Signals 4 | . 1 3 Communications Jammed . | . . . Distress Signals . | . . . Times Spotted 19 | . 8 11 Peak Tracking Total 9 | . 4 9 Tactical Retreats 3 | . 1 2 Traps | -11 -10 -9 ------- Run | Scr Mat Mat Traps Triggered . | . . . Indirectly . | . . . Trap Hack Attempts . | . . . Triggered . | . . . Disarmed . | . . . Reprogrammed . | . . . Reused . | . . . Traps Extracted . | . . . Installed . | . . . Triggered . | . . . Machines | -11 -10 -9 ---------- Run | Scr Mat Mat Machines Disabled 5 | . 4 1 Max in Single Turn 3 | . 3 1 Machines Sabotaged . | . . . Garrisons Compromised . | . . . Overloaded Fab Kills . | . . . Fab Network Shutdowns . | . . . Hacking | -11 -10 -9 --------- Run | Scr Mat Mat Machines Accessed 2 | . 1 1 Terminals . | . . . Fabricators . | . . . Repair Stations 2 | . 1 1 Recycling Units . | . . . Scanalyzers . | . . . Garrison Access . | . . . Total Hacks 7 | . 1 6 Successful 3 | . 1 2 Failed 4 | . . 4 Catastrophic . | . . . Database Lockouts . | . . . Manual . | . . . Terminals . | . . . Fabricators . | . . . Repair Stations 7 | . 1 6 Recycling Units . | . . . Scanalyzers . | . . . Garrison Access . | . . . Terminal Hacks . | . . . Fabricator Hacks . | . . . Repair Station Hacks 3 | . 1 2 Refit 3 | . 1 2 Recycling Unit Hacks . | . . . Scanalyzer . | . . . Garrison Access Hacks . | . . . Unauthorized Hacks . | . . . Terminals . | . . . Fabricators . | . . . Repair Stations . | . . . Recycling Units . | . . . Scanalyzers . | . . . Garrison Access . | . . . Data Cores Recovered . | . . . Used . | . . . Hacking Detections 1 | . . 1 Full Trace Events 1 | . . 1 Feedback Events . | . . . Feedback Blocked . | . . . Robot Schematics Acquired . | . . . Robots Built . | . . . Matter . | . . . Time . | . . . Total Robot Build Rating . | . . . Part Schematics Acquired . | . . . Parts Built . | . . . Matter . | . . . Time . | . . . Total Part Build Rating . | . . . Parts Repaired . | . . . Time . | . . . Parts Recycled . | . . . Recycled Matter . | . . . Retrieved Matter . | . . . Retrieved Components . | . . . Parts Scanalyzed . | . . . Part Schematics Acquired . | . . . Parts Damaged . | . . . Bothacking | -11 -10 -9 ------------ Run | Scr Mat Mat Used RIF Installer . | . . . Robots Hacked . | . . . Non-combat . | . . . Combat . | . . . Robot Hacks Applied . | . . . Relay Couplers Released . | . . . Robots Rewired . | . . . Allies Hacked . | . . . Hacks Repelled . | . . . Allies | -11 -10 -9 -------- Run | Scr Mat Mat Total Allies . | . . . Largest Group . | . . . Highest-Rated Group . | . . . Highest-Rated Ally . | . . . Total Orders . | . . . Ally Attacks . | . . . Total Damage . | . . . Kills . | . . . Allies Corrupted . | . . . Allies Melted . | . . . Intel | -11 -10 -9 ------- Run | Scr Mat Mat Robot Analysis Total . | . . . Derelict Logs Recovered . | . . . Drone Launches . | . . . Drone Recoveries . | . . . Exploration | -11 -10 -9 ------------- Run | Scr Mat Mat Turns Passed 532 | . 376 156 Spaces Moved 268 | 1 188 79 Core 3 | . . 3 Treads . | . . . Legs 162 | 1 150 11 Wheels . | . . . Hover 103 | . 38 65 Flight . | . . . Fastest Speed 120 | 120 120 150 Average Speed 172 | 120 175 166 Slowest Speed 330 | 120 330 240 Overloaded Moves . | . . . Propulsion Burnouts . | . . . Robots Hopped . | . . . Cave-ins Triggered . | . . . Exploration Rate (%) 19 | 2 39 16 Regions Visited 2 Branch Regions . Pre-discovered Areas . | . . . Known Exits Taken . | . . . Unknown Exits Taken 2 | 1 1 . Scrap Searched . | . . . Spaces Dug . | . . . Terrain Destroyed 53 | . 30 23 Melee . | . . . Projectile . | . . . AOE 53 | . 30 23 Terrain Rammed . | . . . Walls Destroyed . | . . . Machines Disabled . | . . . Actions | -11 -10 -9 --------- Run | Scr Mat Mat Total 306 | . 208 98 Wait . | . . . Move 266 | . 187 79 Hop . | . . . Pick Up 4 | . 3 1 Fast Attach 2 | . 1 1 Attach 3 | . . 3 Detach 1 | . . 1 Swap 3 | . 2 1 Drop 7 | . 2 5 Fire 20 | . 13 7 Melee . | . . . Ram . | . . . Kick . | . . . Crush . | . . . Escape Stasis . | . . . Rewire . | . . . Trap . | . . . Miscellaneous . | . . . Route ------- -11/Scrapyard -10/Materials -9/Materials History --------- Turn | Location | Event 1 | -11/Scrapyard | Discovered new exit (range 0) 1 | -11/Scrapyard | Entered Materials 308 | -10/Materials | Build established: Mutant 308 | -10/Materials | Discovered new exit (range 5) 377 | -10/Materials | Entered another Materials area 377 | -9/Materials | Evolved 2 slots: Utility x2 533 | -9/Materials | Self-destructed Last Messages --------------- Attaching: Backup Propulsion I x1 00405_ Dropped Backup Propulsion I. 00405_ Connecting with Repair Station... 00410_ Acquired Backup Propulsion I. 00461_ W-16 Scout sends out distress signal. 00512_ EM Pulse Gun destroyed. 00514_ G-34 Mercenary destroyed. 00516_ G-47 Trooper destroyed. 00518_ Hadron Collector disabled. 00518_ Backup Laser I destroyed. 00520_ G-34 Mercenary destroyed. 00520_ Destroyed Heat Sink. 00520_ Backup Propulsion I destroyed. 00522_ G-34 Mercenary destroyed. 00524_ W-16 Scout sends out distress signal. 00524_ Backup Propulsion I destroyed. 00527_ Ion Engine destroyed. 00528_ The unstable cave ceiling collapses. 00530_ Grenade Launcher destroyed. Map ----- +----------------------------------------------------+ | | | | | | | | | | | | | | | ?????????????????????????????????????????????????? | | ?????????????????????????????????????????????????? | | ?????????????????????????????????????????????????? | | ?????????????????????????????????????????????????? | | ?????????????????????????????????????????????????? | | ?????????????????????????????????????????????????? | | ?????????????????????????????????????????????????? | | ?????????????????????????????????????????????????? | | ?????????????????????????????????###?????????????? | | ?????????????????????????????? ?????????????? | | ?????????????????????????????""" """ ! #?????????? | | ?????????????????????????????""" """ # ???????? | | ?????????????????????????????""" """ [ # ???????? | | ????????????????????????????? # ???????? | | ???????????????# ???????????? # ### #??????? | | ???????????????+ ########## ## #??????? | | ???????????????# ## #??????? | | ???????????????# g ## #??????? | | ????????????????[ """ @ ## #??????? | | ???????????????? "Y" ### = #??????? | | ???????????????# #?? = !#??????? | | ???????????????# [ #??? |=%! #??????? | | ???????????????# #? ? """ #??????? | | ?????????????? g # """ """" ######?? | | ???????????? + """ # """" +?? | | ???????????? # """ / #????? | | ?????????????########## # """ # #????? | | ??????????????????????# ? ### ##### ##????? | | ??????????????????????+ / """???# #???# #?????? | | ??????????????????????##### ""????# #???# #?????? | | ??????????????????????????# "?????# #???# #?????? | | ??????????????????????????# "?????# #???# #?????? | | ???????????????????????????????????# #####/##????? | | ???????????????????????????????????# # #????? | | ???????????????????????????????????# # #????? | | ???????????????????????????????????? # #????? | | ???????????????????????????????????? # #????? | | ???????????????????????????????????? # #????? | | ???????????????????????????????????? # #????# | | ???????????????????????????????????# ##/########## | | ???????????????????????????????????# | | ???????????????????????????????????# | | ???????????????????????????????????# | +----------------------------------------------------+ Best States ------------- Heat Dissipation 28 Energy Generation 10 Energy Capacity 250 Matter Stores 300 Matter Capacity 300 Sight Range 16 Terrain Scan Density 10 Evasion (%) 40 Targeting Accuracy 5 Item Schematics ----------------- None Robot Schematics ------------------ None Fabricated ------------ Nothing Alien Tech Used ----------------- None Achievements -------------- None Challenges ------------ None Game ------ Seed DecoySuspensionTreads Manual? 0 Play Time 00:08:41 Cumulative 65.8 hours Start 2022.03.02 @ 02:36:41 End 2022.03.02 @ 02:43:27 Sessions 1 Manual Loads 0 Difficulty Rogue Special Mode None Game No. 85 Rogue 39 Adventurer 45 Explorer 1 Win Type - Total 0 Types 0/0/0/0/0/0/0/0/0 Lore% 25 Gallery% 44 Achievement% 30 Wizard Run 0 Options --------- ASCII 0 Keyboard 0 Movement Mouse Keybinds 0 Fullscreen 2 Font 16/Proggy Map View 76x50 Tactical HUD 1 Map Filters NONE Filters LOW_CONTRAST(13,24,33)|BRIGHTNESS(90)|SATURATION(87) Steam 1 RUN: 8e179bc0-98f1-4a35-a78b-df4d0330f14b